 Dungeon Crawl Stone Soup version 0.31.0-11-ge490571c62 (webtiles) character file.

Game seed: 14171974143232452526

959 qw the Nimble (level 7, -5/35 HPs)
             Began as a Spriggan Hunter on Feb 4, 2024.
             Slain by a gnoll
             ... wielding a +0 halberd
              (15 damage)
             ... on level 6 of the Dungeon.
             The game lasted 00:00:14 (4098 turns).

qw the Nimble (Spriggan Hunter)                     Turns: 4098, Time: 00:00:15

Health: -5/35      AC:  2    Str:  7    XL:     7   Next: 92%
Magic:  8/8        EV: 27    Int: 11    God:
Gold:   246        SH:  0    Dex: 26    Spells: 6/6 levels left

rFire   + . .        a - +1 shortbow (heavy)
rCold   + + .        (shield currently unavailable)
rNeg    . . .        c - +0 robe
rPois   .            (helmet restricted)
rElec   .            l - scarf {rC+ rF+}
rCorr   .            (gloves unavailable)
SInv    +            (boots unavailable)
Will    +....        (no amulet)
Stlth   ++           g - +6 ring of dexterity
HPRegen 0.25/turn    e - ring of protection from cold
MPRegen 0.11/turn

%: no passive effects
@: very quick
A: very small, no large weapons, unfitting armour, see invisible, speed 3
a: no special abilities


You were on level 6 of the Dungeon.
You visited 1 branch of the dungeon, and saw 6 of its levels.

You collected 246 gold pieces.


Innate Abilities, Weirdness & Mutations

You are very small and have problems with some larger weapons.
You are too small for most types of armour.
You have supernaturally acute eyesight. (SInv)
You cover ground extremely quickly. (Speed+++)


   Skills:
 - Level 2.1 Fighting
 + Level 7.0 Ranged Weapons
 - Level 9.3 Dodging
 - Level 1.5 Stealth


You had 6 spell levels left.
You didn't know any spells.
Your spell library was empty.

Inventory:

Hand Weapons
 a - a +1 heavy shortbow (weapon)
Armour
 c - a +0 robe (worn)
 l - a scarf of resistance (worn)
Jewellery
 b - a ring of fire
 e - a ring of protection from cold (right hand)
 g - a +6 ring of dexterity (left hand)
 m - a +6 ring of strength
Wands
 j - a wand of charming (11)
 o - a wand of flame (23)
 q - a wand of polymorph (7)
Potions
 f - a potion of might
 h - 5 potions of curing
 i - 2 potions of enlightenment
 n - a potion of haste {unknown}
 p - a potion of degeneration {unknown}
 t - a potion of lignification {unknown}

Dungeon Overview and Level Annotations

Branches:
Dungeon (6/15)
 Temple: D:4-7

Altars:
Kikubaaqudgha


Message History

You flicker back into view.
You hear a shout! x2; You hear a bark!
You shoot an arrow. The hound barks!
The arrow hits the gnoll!
You kill the gnoll!
An ogre comes into view. It is wielding a +0 giant club.
You shoot an arrow. The arrow hits the hound!
You kill the hound!
A hound comes into view.
A gnoll comes into view. It is wielding a +0 halberd.
An adder comes into view.
4091 ||| RETREEEEATING.
The hound barks!
4092 ||| RETREEEEATING.
You shoot an arrow. The arrow barely misses the gnoll.
The hound bites something.
The ogre barely misses you.
You shoot an arrow. The arrow hits the ogre!
The ogre is severely wounded.
The hound bites something.
The ogre hits you with a +0 giant club!!
Ouch! That really hurt!
You shoot an arrow. The arrow hits the ogre.
The ogre is severely wounded.
Something bites the fungus.
The fungus begins to die.
The ogre completely misses you.
You shoot an arrow. The arrow hits the ogre.
The ogre is severely wounded.
A gnoll comes into view. It is wielding a +0 halberd.
The gnoll misses you. The ogre completely misses you.
The gnoll completely misses you.
You shoot an arrow. The arrow hits the ogre!
You kill the ogre!
The gnoll misses you. The hound barely misses you.
Your Dodging skill increases to level 9!
You shoot an arrow. The arrow hits the hound!
The hound is severely wounded.
A nearby fungus withers and dies.
The hound bites you.
The gnoll hits you from afar with a +0 halberd!
You die...

.. .# ###.#
##.#.#
###....# .
......####..
#..hg......
#@#)PPPPP.
##..P~P~P.
#<.P~P~P.
#..P~P~P.
#..P~P~P.
#..PPPP..
#........
##.###### .#


You could see a hound and a gnoll.

Vanquished Creatures
  Sigmund (D:4)
  A black bear (D:5)
  2 ogres
  A phantom (D:4)
  A scorpion (D:4)
  A bombardier beetle (D:5)
  An orc priest (D:4)
  2 hounds
  2 iguanas (D:5)
  6 gnolls
  8 adders
  An ufetubus (D:5)
  2 dart slugs
  3 ribbon worms
  6 orcs
  6 ball pythons
  5 endoplasms
  3 giant cockroaches
  7 goblins
  6 hobgoblins
  8 jackals
  4 quokkas
  6 bats
  A frilled lizard (D:2)
  7 kobolds
  5 rats
96 creatures vanquished.

Notes
Turn   | Place    | Note
-------+----------+-------------------------------------------
     0 | D:1      | qw the Spriggan Hunter began the quest for the Orb.
     0 | D:1      | Reached XP level 1. HP: 10/10 MP: 2/2
     0 | D:1      | 0 ||| qw: Version: 0.3-a-160-g6735b56
     0 | D:1      | 0 ||| qw: Game counter: 4464
     0 | D:1      | 0 ||| qw: Melee chars always use a shield: true
     0 | D:1      | 0 ||| qw: God list: Okawaru
     0 | D:1      | 0 ||| qw: Allow faded altars: false
     0 | D:1      | 0 ||| qw: Do Orc after clearing Dungeon:15 true
     0 | D:1      | 0 ||| qw: Do second Lair branch before Depths: true
     0 | D:1      | 0 ||| qw: Lair rune preference: random
     0 | D:1      | 0 ||| qw: Goals: Normal
     0 | D:1      | 0 ||| PLANNING D:1-11
    88 | D:1      | Reached skill level 3 in Dodging
   150 | D:1      | Reached XP level 2. HP: 14/14 MP: 3/3
   184 | D:1      | Reached skill level 4 in Dodging
   475 | D:1      | 475 ||| UPGRADING to +6 ring of dexterity.
   476 | D:1      | 476 ||| READING scroll labelled ERUP ROQEICY.
   476 | D:1      | 476 ||| ENCHANTING +0 shortbow.
   477 | D:1      | 477 ||| READING 2 scrolls labelled LUFINU YLUEJI.
   477 | D:1      | 477 ||| IDENTIFYING glowing red potion
   478 | D:1      | 478 ||| READING scroll of identify.
   478 | D:1      | 478 ||| IDENTIFYING ruby potion
   479 | D:1      | 479 ||| DROPPING scroll of butterflies.
   590 | D:2      | Reached XP level 3. HP: 18/18 MP: 4/4
   658 | D:2      | Found a faded altar of an unknown god.
   870 | D:2      | Reached skill level 5 in Dodging
  1271 | D:2      | 1271 ||| UPGRADING to scarf of resistance.
  1276 | D:2      | 1276 ||| READING 2 scrolls of identify.
  1276 | D:2      | 1276 ||| IDENTIFYING cyan potion
  1277 | D:2      | 1277 ||| READING scroll of identify.
  1277 | D:2      | 1277 ||| IDENTIFYING orange potion
  1278 | D:2      | 1278 ||| READING scroll labelled OHOEWI ETHYSHET.
  1279 | D:2      | 1279 ||| READING scroll labelled DUOKEUZIMM.
  1280 | D:2      | 1280 ||| READING scroll labelled KAHAIFF BINU.
  1315 | D:3      | Reached XP level 4. HP: 22/22 MP: 5/5
  1319 | D:3      | 1319 ||| STAIRDANCE
  2168 | D:3      | 2168 ||| READING scroll labelled BIYMUY PUPSEEPAV.
  2269 | D:3      | 2269 ||| READING scroll labelled KUSAKL VURIZIALO.
  2270 | D:3      | 2270 ||| READING scroll labelled OSAONI QUOFIE.
  2270 | D:3      | 2270 ||| ENCHANTING +1 shortbow.
  2271 | D:3      | 2271 ||| READING scroll labelled FEJEH ISOY.
  2402 | D:4      | Noticed a phantom
  2412 | D:4      | HP: 5/22 [phantom (3)]
  2413 | D:4      | 2413 ||| DRINKING potion of heal wounds.
  2414 | D:4      | Killed a phantom
  2415 | D:4      | Reached skill level 6 in Dodging
  2415 | D:4      | Reached XP level 5. HP: 15/25 MP: 6/6
  2561 | D:4      | 2561 ||| FLEEEEING.
  2562 | D:4      | 2562 ||| FLEEEEING.
  2564 | D:4      | 2564 ||| FLEEEEING.
  2565 | D:4      | 2565 ||| FLEEEEING.
  2569 | D:4      | 2569 ||| FLEEEEING.
  2571 | D:4      | 2571 ||| FLEEEEING.
  2572 | D:4      | 2572 ||| FLEEEEING.
  2573 | D:4      | 2573 ||| FLEEEEING.
  2701 | D:4      | Noticed Sigmund
  2702 | D:4      | 2702 ||| ZAPPING wand of flame (24) at -6,-7 (Sigmund;
                  | floor).
  2718 | D:4      | Killed Sigmund
  2719 | D:4      | Reached skill level 6 in Ranged Weapons
  2719 | D:4      | Reached XP level 6. HP: 16/30 MP: 7/7
  2818 | D:4      | Reached skill level 7 in Dodging
  3093 | D:4      | 3093 ||| UPGRADING to ring of protection from cold.
  3094 | D:4      | 3094 ||| READING scroll labelled VOYDOBBOGOG.
  3094 | D:4      | 3094 ||| BRANDING +1 shortbow.
  3099 | D:5      | Entered Level 5 of the Dungeon
  3259 | D:5      | Found an ancient bone altar of Kikubaaqudgha.
  3532 | D:5      | Reached XP level 7. HP: 35/35 MP: 8/8
  3698 | D:5      | Reached skill level 8 in Dodging
  3964 | D:5      | 3964 ||| READING scroll of identify.
  3964 | D:5      | 3964 ||| IDENTIFYING murky sapphire potion
  3965 | D:5      | 3965 ||| READING scroll labelled WORPHOU AMIVOPS.
  4026 | D:5      | 4026 ||| DRINKING 3 murky grey potions.
  4027 | D:5      | 4027 ||| DROPPING potion of ambrosia.
  4028 | D:5      | 4028 ||| DROPPING 2 potions of invisibility.
  4091 | D:6      | 4091 ||| RETREEEEATING.
  4092 | D:6      | 4092 ||| RETREEEEATING.
  4098 | D:6      | Reached skill level 9 in Dodging
  4098 | D:6      | Slain by a gnoll

Levels and vault maps discovered:
D:1:      ebering_hopf_link, layout_rooms
D:2:      layout_loops_ring, hellmonk_ecumenical_altar_zigzags
D:3:      layout_basic, hangedman_abyss_or_decor_lesser_grid, hex_medium
D:4:      layout_rooms, uniq_sigmund
D:5:      minmay_octagon_keep, layout_cave_pods,
          mainiacjoe_overflow_six_doors_small
D:6:      layout_loops_corners, dreamdust_gnoll_farm

Skill      XL: |  1  2  3  4  5  6  7 |
---------------+----------------------+-----
Dodging        | 3 4 5 6 7 9 |  9.3
Ranged Weapons | 5 6 7 |  7.0
Fighting       | 2 |  2.1
Stealth        | |  1.5

Action                     |  1- 3 |  4- 6 |  7- 9 || total
---------------------------+-------+-------+-------++-------
   Fire: Shortbow          |   108 |   133 |    36 ||   277
  Evoke: Wand              |       |     1 |       ||     1
    Use: Scroll            |     8 |     5 |     2 ||    15
         Potion            |       |     1 |     1 ||     2
 Armour: Robe              |     5 |    21 |     6 ||    32
  Dodge: Dodged            |    28 |    39 |    20 ||    87

Table legend:
 A = Non-vault XP
 B = Vault XP
 C = Vault XP percentage of total XP
 D = Non-vault monster count
 E = Vault monster count
 F = Vault count percentage of total count
                 A         B        C        D         E       F
            +---------+---------+-------+---------+---------+-------
      Total |     843 |     528 |  38.5 |      85 |      11 |  11.5
            +---------+---------+-------+---------+---------+-------
        D:1 |      32 |       0 |   0.0 |      18 |       0 |   0.0
        D:2 |      64 |       0 |   0.0 |      20 |       0 |   0.0
        D:3 |      63 |       0 |   0.0 |      18 |       0 |   0.0
        D:4 |     281 |     223 |  44.2 |      19 |       1 |   5.0
        D:5 |     282 |     249 |  46.9 |       9 |       8 |  47.1
        D:6 |     121 |      56 |  31.6 |       1 |       2 |  66.7
            +---------+---------+-------+---------+---------+-------
